 Dungeon Crawl Stone Soup version 0.23.2-1-ga50397a6bc (webtiles) character file.

Game seed: 9314679470067960163

116 Kinoniko the Shield-Bearer (level 5, 0/41 HPs)
             Began as a Human Fighter on May 3, 2019.
             Succumbed to a worker ant's poison
             ... on level 2 of the Dungeon.
             The game lasted 00:02:59 (2526 turns).

Kinoniko the Shield-Bearer (Human Fighter)          Turns: 2526, Time: 00:02:59

Health: 0/41       AC:  5    Str: 17    XL:     5   Next: 20%
Magic:  5/5        EV:  6    Int:  8    God:
Gold:   145        SH: 13    Dex: 13    Spells: 4/4 levels left

rFire    . . .     SeeInvis .   a - +0 long sword
rCold    . . .     Gourm    .   k - +0 large shield
rNeg     . . .     Faith    .   m - +0 ring mail {rPois}
rPois    +         Spirit   .   (no helmet)
rElec    .         Reflect  .   (no cloak)
rCorr    .         Harm     .   (no gloves)
MR       .....                  (no boots)
Stlth    +.........             (no amulet)
HPRegen  0.13/turn              (no ring)
MPRegen  0.09/turn              (no ring)

@: lethally poisoned (0 -> -1)
A: no striking features
a: no special abilities


You were on level 2 of the Dungeon.
You were not hungry.

You visited 1 branch of the dungeon, and saw 3 of its levels.

You collected 145 gold pieces.

Inventory:

Hand Weapons
 a - a +0 long sword (weapon)
Armour
 b - a +0 scale mail
 c - a +0 shield
 k - a +0 large shield (worn)
 m - a +0 ring mail of poison resistance (worn)
Scrolls
 e - a scroll of teleportation {unknown}
 g - a scroll of identify {unknown}
 i - 2 scrolls of fear {unknown}
 j - a scroll of noise {unknown}
 l - a scroll of immolation {unknown}
Potions
 d - a potion of might
Comestibles
 f - 5 rations
 n - 3 chunks of flesh


   Skills:
 * Level 3.4 Fighting
 * Level 2.9 Long Blades
 * Level 3.7 Armour
 * Level 1.1 Dodging
 * Level 3.8 Shields


You had 4 spell levels left.
You didn't know any spells.
Your spell library was empty.

Dungeon Overview and Level Annotations

Branches:
Dungeon (3/15)

Altars:


Message History

The worker ant is almost dead.
You feel sick. You block the worker ant's attack. The worker ant bites you.
* * * LOW HITPOINT WARNING * * *
You barely miss the worker ant.
The worker ant is almost dead.
The worker ant bites you but does no damage.
The worker ant bites you.
* * * LOW HITPOINT WARNING * * *
You hit the worker ant.
You kill the worker ant!
You have reached level 5!
* * * LOW HITPOINT WARNING * * *
You feel sick.
You see here a worker ant corpse.
Okay, then.
Okay, then.
There is a lethal amount of poison in your body!
* * * LOW HITPOINT WARNING * * *
You feel sick.
You die...

####### #.....#
#.###(### #.###..).
#.#......
##########.#(#....
#>................
#†########.#.#....
#@................
#.########.#......
#.# #.#######
##.########.# ####
#.........#.# #..[
#..###......# #...
#..###.##...# #...
#......##...####...
##.######..........


There were no monsters in sight!

Vanquished Creatures
  A worker ant (D:2)
  3 adders
  An ooze (D:1)
  2 worms
  A dart slug (D:2)
  A leopard gecko (D:1)
  11 bats
  A giant cockroach (D:2)
  A goblin (D:1)
  7 hobgoblins
  8 jackals
  A quokka (D:2)
  4 frilled lizards
  5 kobolds
  6 rats (D:1)
53 creatures vanquished.

Notes
Turn   | Place    | Note
-------+----------+-------------------------------------------
     0 | D:1      | Kinoniko the Human Fighter began the quest for the Orb.
     0 | D:1      | Reached XP level 1. HP: 18/18 MP: 1/1
   290 | D:1      | Reached XP level 2. HP: 18/24 MP: 2/2
   639 | D:1      | Reached XP level 3. HP: 23/29 MP: 3/3
  1464 | D:2      | Found a faded altar of an unknown god.
  1667 | D:2      | Reached XP level 4. HP: 26/35 MP: 4/4
  2100 | D:2      | Reached skill level 1 in Dodging
  2518 | D:2      | Reached XP level 5. HP: 2/41 MP: 5/5
  2518 | D:2      | HP: 1/41 [poisoned by a worker ant]
  2526 | D:2      | Succumbed to a worker ant's poison

Skill      XL: |  1  2  3  4 |
---------------+-------------+-----
Dodging        | 1 |  1.1
Fighting       | |  3.4
Long Blades    | |  2.9
Armour         | |  3.7
Shields        | |  3.8

Action                   |  1- 3 |  4- 6 || total
-------------------------+-------+-------++-------
Melee: Long sword        |   149 |    64 ||   213
  Use: Potion            |       |     2 ||     2
  Eat: Chunk             |     3 |     1 ||     4
       Ration            |       |     1 ||     1
Armor: Scale mail        |    92 |       ||    92
       Ring mail         |    13 |    27 ||    40
Dodge: Dodged            |    70 |    18 ||    88
Block: Shield            |    98 |       ||    98
       Large shield      |    31 |    59 ||    90
       Rpst.: Long sword |    17 |    10 ||    27
